 Dungeon Crawl Stone Soup version 0.28-a0-21-gf74fda84f9 (webtiles) character file.

Game seed: 12288176885721491697

17 miscthings the Charlatan (level 2, -5/23 HPs)
             Began as a Gnoll Wanderer on July 27, 2021.
             Slain by a scorpion (8 damage)
             ... on level 2 of the Dungeon.
             The game lasted 00:01:23 (269 turns).

miscthings the Charlatan (Gnoll Wanderer)            Turns: 269, Time: 00:01:23

Health: -5/23      AC:  2    Str:  7    XL:     2   Next: 62%
Magic:  5/5        EV: 11    Int: 14    God:
Gold:   24         SH:  0    Dex: 12    Spells: 6/6 levels left

rFire   . . .      SeeInvis .   a - +2 shortbow
rCold   + . .      Faith    .   (shield currently unavailable)
rNeg    . . .      Spirit   .   e - +0 robe
rPois   .          Reflect  .   (no helmet)
rElec   .          Harm     .   (no cloak)
rCorr   .          Rampage  .   (no gloves)
Will    .....                   (no boots)
Stlth   +.........              (no amulet)
HPRegen 0.07/turn               f - ring of protection from cold
MPRegen 0.09/turn               (no ring)

@: lethally poisoned (-5 -> -11)
A: fangs 1, strong nose, distributed training
a: no special abilities


You were on level 2 of the Dungeon.
You visited 1 branch of the dungeon, and saw 2 of its levels.

You collected 24 gold pieces.

Inventory:

Hand Weapons
 a - a +2 shortbow (weapon)
 c - a +0 mace
Missiles
 b - 10 arrows (quivered ammo)
Armour
 e - a +0 robe (worn)
Jewellery
 f - a ring of protection from cold (left hand)
Scrolls
 h - a scroll of identify {unknown}
Miscellaneous
 d - a piece from Xom's chessboard (13/15)


   Skills:
 + Level 2.5 Fighting
 + Level 0.5 Short Blades
 + Level 0.5 Long Blades
 + Level 0.5 Axes
 + Level 0.5 Maces & Flails
 + Level 0.5 Polearms
 + Level 0.5 Staves
 + Level 0.5 Slings
 + Level 4.5 Bows
 + Level 0.5 Crossbows
 + Level 0.5 Throwing
 + Level 0.5 Armour
 + Level 0.5 Dodging
 + Level 0.5 Stealth
 + Level 0.5 Shields
 + Level 0.5 Unarmed Combat
 + Level 2.7 Spellcasting
 + Level 0.3 Conjurations
 + Level 0.3 Hexes
 + Level 3.7 Summonings
 + Level 3.7 Necromancy
 + Level 0.3 Translocations
 + Level 0.3 Transmutations
 + Level 0.3 Fire Magic
 + Level 0.3 Ice Magic
 + Level 0.3 Air Magic
 + Level 0.3 Earth Magic
 + Level 0.3 Poison Magic
 + Level 0.6 Invocations
 + Level 4.5 Evocations


You had 6 spell levels left.
You didn't know any spells.
Your spell library contained the following spells:

 Spells                   Type           Power      Damage    Failure   Level
 Summon Small Mammal      Summ           48%        N/A       4%          1
 Call Canine Familiar     Summ           12%        N/A       14%         3
 Summon Guardian Golem    Hex/Summ       7%         N/A       28%         3


Dungeon Overview and Level Annotations

Branches:
Dungeon (1/15)

Altars:


Innate Abilities, Weirdness & Mutations

You have very sharp teeth.
Your uncanny sense of smell can sniff out nearby items.
Your experience applies equally to all skills.


Message History

Found 15 gold pieces.
A scorpion comes into view.
Drop what? 8/52 slots (_ for help) (? for menu, Esc to quit)
Okay, then.
Okay, then.
You shoot an arrow. The arrow hits the scorpion.
The scorpion is lightly wounded.
You shoot an arrow. The arrow hits the scorpion.
The scorpion is lightly wounded.
The scorpion stings you!
You shoot an arrow. The arrow closely misses the scorpion.
The scorpion barely misses you. The scorpion stings you.
You shoot an arrow.
The arrow hits the scorpion but does no damage.
The scorpion is lightly wounded.
The scorpion misses you.
You shoot an arrow.
The arrow hits the scorpion but does no damage.
The scorpion is lightly wounded.
The scorpion closely misses you.
You shoot an arrow. The arrow barely misses the scorpion.
The scorpion closely misses you.
You shoot an arrow. The arrow barely misses the scorpion.
The scorpion stings you. x2
* * * LOW HITPOINT WARNING * * *
You are lethally poisoned!
The scorpion poisons you!
It was a potion of heal wounds.
You feel much better.
You feel very sick. The scorpion closely misses you.
You make a move on Xom's chessboard...
The scorpion flickers and vanishes!
Deactivating autopickup; reactivate with Ctrl-A.
You feel sick. Something stings you!
You can't see anything.
Try to make a move anyway?
You make a move on Xom's chessboard...
Nothing appears to happen.
You feel sick. Something stings you.
* * * LOW HITPOINT WARNING * * *
* * * LOW HITPOINT WARNING * * *
You feel sick. Something stings you!
You die...

#######
....... ##
#.... .#
###....##.#
........@.#
...$..(...#
.....(....#
###...###.#
#(.. .#
#... .#
#... ##
.... ∆


There were no monsters in sight!

Vanquished Creatures
  A dart slug (D:1)
  2 endoplasms (D:1)
  3 giant cockroaches (D:1)
  2 goblins (D:1)
  A hobgoblin (D:1)
  A quokka (D:1)
  A bat (D:1)
  A kobold (D:1)
  A rat (D:1)
13 creatures vanquished.

Notes
Turn   | Place    | Note
-------+----------+-------------------------------------------
     0 | D:1      | miscthings the Gnoll Wanderer began the quest for the Orb.
     0 | D:1      | miscthings set off with the following items: a +2 shortbow,
                  | 20 arrows, a +0 mace, a piece from Xom's chessboard
                  | (15/15), a +0 robe
     0 | D:1      | Reached XP level 1. HP: 17/17 MP: 4/4
    84 | D:1      | Reached XP level 2. HP: 21/23 MP: 5/5
   258 | D:1      | You fall into a shaft and drop 1 floor!
   259 | D:2      | Noticed a scorpion
   269 | D:2      | Slain by a scorpion

Illustrated notes

Levels and vault maps discovered:
D:1:      nzn_arrival_settlement, layout_rooms
D:2:      kennysheep_the_goblin_king, layout_loops_corners

Action                   || total
-------------------------++-------
 Fire: Shortbow          ||    32
Evoke: Piece from Xom's  ||     2
  Use: Potion            ||     1
Armor: Robe              ||     1
Dodge: Dodged            ||     5

Table legend: (Time is in decaauts)
 A = Elapsed time spent in this place.
 B = Non-inter-level travel time spent in this place.
 C = Inter-level travel time spent in this place.
 D = Time resting spent in this place.
 E = Time spent auto-exploring this place.
 F = Levels seen in this place.
 G = Mean time per level.
                   A        B        C        D        E       F      G
               +--------+--------+--------+--------+--------+-----+--------+
         Total |    270 |    270 |      0 |      0 |    207 |   2 |  135.0 |
       Dungeon |    270 |    270 |      0 |      0 |    207 |   2 |  135.0 |
               +--------+--------+--------+--------+--------+-----+--------+

Top non-repeatable levels by time:
     D:1: 259 daAuts
     D:2: 11 daAuts
